 Dungeon Crawl Stone Soup version 0.23.2 (webtiles) character file.

Game seed: 4384804092813190049

204 Borgoz the Cutter (level 5, -1/44 HPs)
             Began as a Ghoul Gladiator on Apr 3, 2019.
             Killed from afar by an orc wizard (5 damage)
             ... with a magic dart
             ... on level 4 of the Dungeon.
             The game lasted 00:04:02 (2865 turns).

Borgoz the Cutter (Ghoul Gladiator)                 Turns: 2865, Time: 00:04:03

Health: -1/44      AC:  4    Str: 18    XL:     5   Next: 82%
Magic:  4/4        EV: 12    Int:  4    God:
Gold:   114        SH:  0    Dex: 10    Spells: 4/4 levels left

rFire    + . .     SeeInvis .   a - +0 rapier
rCold    . . .     Gourm    .   (no shield)
rNeg     + + +     Faith    .   b - +0 leather armour
rPois    ∞         Spirit   .   c - +0 helmet
rElec    .         Reflect  .   (no cloak)
rCorr    .         Harm     .   (no gloves)
MR       .....                  (no boots)
Stlth    ++........             (no amulet)
HPRegen  0.00/turn              i - ring of fire
MPRegen  0.09/turn              (no ring)

@: flying, rotting
A: rotting body, claws 1, carnivore, cold resistance 1, negative energy
resistance 3, inhibited regeneration, torment resistance, unbreathing
a: no special abilities


You were on level 4 of the Dungeon.
You were not hungry.

You visited 1 branch of the dungeon, and saw 4 of its levels.

You collected 114 gold pieces.

Inventory:

Hand Weapons
 a - a +0 rapier (weapon)
Missiles
 n - a throwing net (quivered)
 r - 2 tomahawks
Armour
 b - a +0 leather armour (worn)
 c - a +0 helmet (worn)
Jewellery
 i - a ring of fire (left claw)
Scrolls
 g - 4 scrolls of remove curse {unknown}
 h - a scroll of noise {unknown}
 j - 5 scrolls of identify {unknown}
 k - a scroll of fear {unknown}
 m - 2 scrolls of magic mapping {unknown}
 o - a scroll of blinking {unknown}
 p - a scroll of enchant armour {unknown}
 q - a scroll of fog {unknown}
 s - a scroll of teleportation {unknown}
 v - a scroll of amnesia {unknown}
Potions
 l - 3 potions of lignification
Comestibles
 d - 4 chunks of flesh
 f - 6 rations


   Skills:
 + Level 2.9 Fighting
 * Level 3.7 Short Blades
 - Level 1.7 Throwing
 * Level 2.1 Armour
 * Level 3.6 Dodging
 + Level 2.0 Stealth


You had 4 spell levels left.
You didn't know any spells.
Your spell library was empty.

Dungeon Overview and Level Annotations

Branches:
Dungeon (4/15)
 Temple: D:4-7

Altars:
Qazlal


Innate Abilities, Weirdness & Mutations

Your body is rotting away.
You thrive on raw meat.
You are immune to poison.
You have sharp fingernails.
You are carnivorous and can eat meat at any time.
Your flesh is cold resistant. (rC+)
You are immune to negative energy. (rN+++)
You do not regenerate when monsters are visible.
You are immune to unholy pain and torment.
You can survive without breathing.


Message History

* * * LOW HITPOINT WARNING * * *
You feel better.
The orc wizard points at you and mumbles some strange words.
The puff of frost hits you.
* * * LOW HITPOINT WARNING * * *
The orc wizard misses you.
The orc wizard hits you with a +0 dagger.
* * * LOW HITPOINT WARNING * * *
Okay, then.
The orc wizard hits you but does no damage.
The orc wizard hits you with a +1 dagger of venom.
* * * LOW HITPOINT WARNING * * *
The orc wizard casts a spell at you. The puff of flame hits you. You resist.
* * * LOW HITPOINT WARNING * * *
The orc wizard hits you with a +0 dagger.
* * * LOW HITPOINT WARNING * * *
The orc wizard casts a spell at you. The magic dart hits you.
You die...

..##..........#
..........o...#
.........#....#
.##.....######
#...o## #..oo.#
#...o.# #.....#
#.@...#
########'#####
#..........###..#
#..........#....#
#..........#....#
#..........#....#
#..........#....#
#..........#....#
#..........#....#


You could see 2 orc wizards and 2 orcs.

Vanquished Creatures
  Jessica (D:3)
  A worker ant (D:2)
  6 adders
  An ooze (D:1)
  2 worms (D:3)
  2 dart slugs
  4 leopard geckos
  3 orcs
  15 bats
  4 giant cockroaches
  8 goblins
  3 hobgoblins
  3 jackals (D:3)
  16 kobolds
  A ball python (D:1)
  5 frilled lizards
  8 rats
83 creatures vanquished.

Notes
Turn   | Place    | Note
-------+----------+-------------------------------------------
     0 | D:1      | Borgoz the Ghoul Gladiator began the quest for the Orb.
     0 | D:1      | Reached XP level 1. HP: 17/17 MP: 0/0
   133 | D:1      | Reached XP level 2. HP: 20/24 MP: 1/1
   771 | D:1      | Reached XP level 3. HP: 30/30 MP: 2/2
   836 | D:1      | Reached skill level 1 in Armour
  1539 | D:2      | Reached skill level 1 in Stealth
  1579 | D:2      | Reached XP level 4. HP: 13/37 MP: 3/3
  2059 | D:3      | Reached XP level 5. HP: 24/42 MP: 4/4
  2292 | D:3      | Found a stormy altar of Qazlal.
  2436 | D:3      | Noticed Jessica
  2439 | D:3      | Killed Jessica
  2865 | D:4      | Killed from afar by an orc wizard

Skill      XL: |  1  2  3  4  5 |
---------------+----------------+-----
Short Blades   | 3 |  3.7
Armour         | 1 2 |  2.1
Dodging        | 3 |  3.6
Stealth        | 1 2 |  2.0
Fighting       | |  2.9
Throwing       | |  1.7

Action                   |  1- 3 |  4- 6 || total
-------------------------+-------+-------++-------
Melee: Rapier            |   153 |   152 ||   305
Throw: Throwing net      |       |     3 ||     3
  Use: Potion            |     4 |     4 ||     8
 Stab: Sleeping          |     1 |     5 ||     6
  Eat: Chunk             |     4 |    11 ||    15
Armor: Leather armour    |    60 |    50 ||   110
Dodge: Dodged            |   127 |   122 ||   249
